Cogmind - Beta 15 @@@ ROGUE MODE // 2025.10.03 @ 22:32:48 Player: Grey Result: Destroyed by Y-45 Defender with Heavy Assault Rifle Performance ------------- Evolutions (1) 500 Regions Visited (3) 600 Robots Destroyed (37) 185 Value Destroyed (799) 799 Prototype IDs (4) 80 Alien Tech Used (0) 0 Bonus (0) 0 TOTAL SCORE: 2164 Bonus ------- None Cogmind --------- Core Integrity 0/400 Matter 295/300 Energy 280/280 System Corruption 0% Temperature Cool (9) Movement Flying (107) Ox1 Location -9/Storage Parts ------- > --- POWER (1) -------- Heavy Ion Engine > --- PROPULSION (4) --- Flight Unit Improved Flight Unit Improved Flight Unit > --- UTILITY (2) ------ Small Storage Unit > --- WEAPON (2) ------- Scythe Scythe > --- INVENTORY (8) ---- Medium Storage Unit Light Armor Plating Light Armor Plating Scythe Scythe Peak State ------------ > --- POWER ------------ Heavy Ion Engine > --- PROPULSION ------- Flight Unit Improved Flight Unit Improved Flight Unit Improved Flight Unit > --- UTILITY ---------- Small Storage Unit Structural Scanner > --- WEAPON ----------- Scythe Scythe > --- INVENTORY -------- Light Ion Engine Flight Unit Flight Unit ECM Suite Power Shielding Utility Shielding Scythe Scythe [Rating: 22] Favorites ----------- Power Ion Engine Engine Ion Engine Propulsion Flight Unit Leg Aluminum Leg Hover Unit Hover Unit Flight Unit Flight Unit Utility Small Storage Unit Device Structural Scanner Storage Small Storage Unit Hackware Hacking Suite Weapon Scythe Ballistic Gun Assault Rifle Slashing Weapon Scythe Build | -11 -10 -9 -9 ------- Run | Yrd Mat Mat Sto Slots Evolved 2 | . . 2 . Power . | . . . . Propulsion 2 | . . 2 . Utility . | . . . . Weapon . | . . . . Parts Attached 28 | 6 4 14 4 Power 4 | 1 1 . 2 Engine 4 | 1 1 . 2 Core . | . . . . Reactor . | . . . . Propulsion 13 | 2 2 8 1 Treads . | . . . . Leg 2 | 2 . . . Wheel . | . . . . Hover 3 | . 2 1 . Flight 8 | . . 7 1 Utility 5 | 1 1 2 1 Device 2 | . . 2 . Storage 2 | 1 . . 1 Processor . | . . . . Hackware 1 | . 1 . . Protection . | . . . . Artifact . | . . . . Weapon 6 | 2 . 4 . Energy Gun . | . . . . Energy Cannon . | . . . . Ballistic Gun 3 | 2 . 1 . Ballistic Cannon . | . . . . Launcher . | . . . . Special Weapon . | . . . . Impact Weapon . | . . . . Slashing Weapon 3 | . . 3 . Piercing Weapon . | . . . . Special Melee Weapon . | . . . . Unidentified Prototypes 2 | . . 1 1 Parts Lost 7 | . 1 1 5 Power . | . . . . Propulsion 6 | . 1 1 4 Utility 1 | . . . 1 Weapon . | . . . . Highest Loss Streak 2 | . 1 1 2 To Critical Strikes . | . . . . Average Backups 6 | 1 5 7 6 Power . | . 1 . . Propulsion . | . . . 1 Utility 2 | . 2 3 3 Weapon 1 | . . 2 2 Tool/Special . | . . . . Unused Backups 14 | 2 1 4 7 Power 1 | . 1 . . Propulsion 3 | 1 . 2 . Utility 6 | . . . 6 Weapon 3 | 1 . 1 1 Tool/Special 1 | . . 1 . Average Slot Usage (%) 85 | . 92 80 88 Engine 11 | . 14 11 11 Hover 10 | . 19 11 . Flight 18 | . . 17 41 Device 3 | . . 5 2 Storage 11 | . 14 11 11 Hackware 5 | . 11 5 . Ballistic Gun 11 | . 28 7 . Slashing Weapon 10 | . . 10 22 Peak Build Rating 22 | 6 9 20 22 Average Rating 12 | 3 8 11 19 On Entrance 8 | . 6 8 20 Naked Turns . | . . . . Heaviest Build 18 | 11 13 15 18 Greatest Support 20 | 20 20 19 19 Greatest Overweight (x) 3 | 3 2 3 . Average Overweight (x) . | . . 1 . Largest Inventory Capacity 8 | 8 8 8 8 Average Capacity 7 | 7 8 8 8 Most Carried 8 | 5 7 8 8 Average Carried 6 | 1 5 7 6 Final Capacity 8 | 8 8 8 8 Final Carried 8 | 1 6 8 5 Class Distribution -------------------- 47% | Mutant 28% | Scavenger-Mutant 24% | Sprinter Dominant Class ---------------- Mutant | -10/Materials Scavenger-Mutant | -9/Materials Sprinter | -9/Storage Resources | -11 -10 -9 -9 ----------- Run | Yrd Mat Mat Sto Matter Collected 670 | 214 118 278 60 Remotely . | . . . . Salvage Created 1433 | . 118 493 822 Parts 81 | . 5 40 36 Haulers Intercepted 1 | . . . 1 Recyclers Shooed 3 | . . 3 . Parts Field Recycled . | . . . . Retrieved Matter . | . . . . Parts Self-Destructed . | . . . . Prevented . | . . . . Kills | -11 -10 -9 -9 ------- Run | Yrd Mat Mat Sto Combat Hostiles Destroyed 26 | . 2 10 14 Melee 22 | . . 8 14 Guns 4 | . 2 2 . Classes Destroyed 9 | . 3 4 2 Builder 1 | . . 1 . Hauler 1 | . . . 1 Recycler 5 | . . 2 3 Operator 1 | . 1 . . Watcher 3 | . 1 2 . Swarmer 11 | . . 7 4 Grunt 8 | . 2 1 5 Brawler 1 | . . . 1 Sentry 6 | . . 2 4 Best Kill Streak 8 | . 2 6 8 Combat Bots Only 8 | . 1 5 8 Max Kills in Single Turn 1 | . 1 1 1 Gunslinging . | . . . . Exploded . | . . . . Melee 1 | . . 1 1 Uniques/NPCs Destroyed . | . . . . Combat | -11 -10 -9 -9 -------- Run | Yrd Mat Mat Sto Hostile Shots Fired 161 | . 13 55 93 Missed 56 | . 1 23 32 Hits 105 | . 12 32 61 Melee 1 | . . . 1 Projectile 104 | . 12 32 60 Critical Strikes 1 | . . . 1 Damage Taken 1205 | . 142 288 775 Core 421 | . 11 178 232 Absorbed by Shields . | . . . . Core Remaining (%) 97 | 100 95 . . Volleys Fired 32 | . 16 16 . Largest 2 | . 2 2 . Hottest 43 | . 40 43 . Shots Fired 64 | . 32 32 . Gun 64 | . 32 32 . Cannon . | . . . . Launcher . | . . . . Special . | . . . . Kinetic 64 | . 32 32 . Thermal . | . . . . Explosive . | . . . . Electromagnetic . | . . . . Robot Hit Streak 12 | . 12 6 . Robot Miss Streak 3 | . 3 1 . Penetration Max . | . . . . Secondary Targets . | . . . . Shots Hit Robots 118 | . 21 36 61 Core Hits 41 | . 8 18 15 Critical Kills . | . . . . Critical Parts Destroyed 1 | . . 1 . Critical Strikes 10 | . . 1 9 Destroy 1 | . . 1 . Sever 9 | . . . 9 Melee Attacks 105 | . . 25 80 Impact . | . . . . Slashing 105 | . . 25 80 Piercing . | . . . . Sneak Attacks 5 | . . 1 4 Combat Hostiles . | . . . . Follow-up Attacks 16 | . . 4 12 Damage Inflicted 3081 | . 215 793 2073 Guns 515 | . 215 300 . Cannons . | . . . . Explosions . | . . . . Melee 2566 | . . 493 2073 Ramming . | . . . . Kinetic 515 | . 215 300 . Thermal . | . . . . Explosive . | . . . . Electromagnetic . | . . . . Impact . | . . . . Slashing 2566 | . . 493 2073 Piercing . | . . . . Highest Corruption 1 | . 1 . . Average Corruption 1 | . 1 . . Corruption Purged . | . . . . Corruption Blocked . | . . . . Overload Shots . | . . . . Overflow Damage 160 | . . 22 138 Projectiles . | . . . . Explosions . | . . . . Melee 160 | . . 22 138 Knockbacks . | . . . . Impact . | . . . . Kinetic . | . . . . Secondary . | . . . . Self-Inflicted Damage . | . . . . Shots . | . . . . Rammed . | . . . . Targets Rammed . | . . . . Kicked . | . . . . Crushed . | . . . . Highest Temperature 20 | . 20 1 7 Average Temperature 6 | . 7 1 3 Received Heat Transfer 366 | . 72 45 249 Siege Activations . | . . . . Martial Activations . | . . . . Shielding Activations . | . . . . Robots Disrupted . | . . . . Combat Hostiles . | . . . . Robots Corrupted . | . . . . Combat Hostiles . | . . . . Parts Fried . | . . . . Impact Corruptions . | . . . . Robots Melted . | . . . . Combat Hostiles . | . . . . Parts Melted . | . . . . Heat Transferred . | . . . . Parts Sabotaged . | . . . . Parts Stolen . | . . . . Parts Stripped . | . . . . Power Chain Reactions . | . . . . Alert | -11 -10 -9 -9 ------- Run | Yrd Mat Mat Sto Maximum Alert Level 1 | . . . 1 Low Security (%) 84 | 100 100 100 36 Level 1 15 | . . . 63 Level 2 . | . . . . Level 3 . | . . . . Level 4 . | . . . . Level 5 . | . . . . High Security . | . . . . Max Security . | . . . . Peak Influence 318 | . 25 133 318 Initial 55 | . . . 55 Average 61 | . 4 23 210 Influence Increases 860 | . 82 345 433 Destroy 0b10 Robot/C 520 | . 40 200 280 Destroy 0b10 Robot/NC 55 | . 10 25 20 Destroy Leader 118 | . 2 54 62 Successful Hack 16 | . . 5 11 Disable Machine 15 | . . . 15 Destroy Structure 1 | . . 1 . Partial Spotted 45 | . 30 . 15 Lose Combat Pursuer 90 | . . 60 30 Influence Decreases 572 | . 82 213 277 Entered New Map 77 | . . . 77 Time Decay 430 | . 77 203 150 Lost Part 65 | . 5 10 50 Squads Dispatched 1 | . . 1 . Investigation . | . . . . Extermination . | . . . . Reinforcement 1 | . . 1 . Assault . | . . . . Garrison . | . . . . Intercept . | . . . . Searches Triggered . | . . . . Construction Impeded . | . . . . Haulers Reinforced . | . . . . Active Scanning Responses . | . . . . Cargo Convoy Interrupts . | . . . . Stealth | -11 -10 -9 -9 --------- Run | Yrd Mat Mat Sto Distress Signals 5 | . 1 3 1 Communications Jammed . | . . . . Distress Signals . | . . . . Times Spotted 47 | . 5 20 22 Peak Tracking Total 10 | . 2 6 10 Tactical Retreats 7 | . . 5 2 Traps | -11 -10 -9 -9 ------- Run | Yrd Mat Mat Sto Traps Triggered 1 | . 1 . . Indirectly . | . . . . Trap Hack Attempts . | . . . . Triggered . | . . . . Disarmed . | . . . . Reprogrammed . | . . . . Reused . | . . . . Traps Extracted . | . . . . Installed . | . . . . Triggered . | . . . . Machines | -11 -10 -9 -9 ---------- Run | Yrd Mat Mat Sto Machines Disabled 1 | . . . 1 Max in Single Turn 1 | . . . 1 Garrison Access 1 | . . . 1 Machines Repaired . | . . . . Machines Dismantled . | . . . . Machines Sabotaged . | . . . . Overloaded Fab Kills . | . . . . Hacking | -11 -10 -9 -9 --------- Run | Yrd Mat Mat Sto Machines Accessed 6 | . 2 1 3 Terminals 5 | . 2 1 2 Fabricators . | . . . . Repair Stations . | . . . . Recycling Units . | . . . . Scanalyzers . | . . . . Garrison Access 1 | . . . 1 Total Hacks 16 | . 5 3 8 Successful 11 | . 2 2 7 Failed 5 | . 3 1 1 Catastrophic . | . . . . Database Lockouts . | . . . . Manual . | . . . . Terminals 15 | . 5 3 7 Fabricators . | . . . . Repair Stations . | . . . . Recycling Units . | . . . . Scanalyzers . | . . . . Garrison Access 1 | . . . 1 Terminal Hacks 10 | . 2 2 6 Record 2 | . . . 2 Part Schematic 1 | . . . 1 Robot Analysis 1 | . 1 . . Prototype ID Bank 1 | . 1 . . Alert Level 1 | . . . 1 Maintenance Status 1 | . . 1 . Reinforcement Status 1 | . . . 1 Zone Layout 2 | . . 1 1 Fabricator Hacks . | . . . . Repair Station Hacks . | . . . . Recycling Unit Hacks . | . . . . Scanalyzer . | . . . . Garrison Access Hacks 1 | . . . 1 Seal Access 1 | . . . 1 Unauthorized Hacks . | . . . . Terminals . | . . . . Fabricators . | . . . . Repair Stations . | . . . . Recycling Units . | . . . . Scanalyzers . | . . . . Garrison Access . | . . . . Data Cores Recovered 1 | . 1 . . Used . | . . . . Hacking Detections 5 | . 2 1 2 Full Trace Events . | . . . . Feedback Events . | . . . . Feedback Blocked . | . . . . Robot Schematics Acquired . | . . . . Robots Built . | . . . . Authchips . | . . . . Time . | . . . . Total Robot Build Rating . | . . . . Part Schematics Acquired 1 | . . . 1 Parts Built . | . . . . Authchips . | . . . . Time . | . . . . Total Part Build Rating . | . . . . Parts Repaired . | . . . . Time . | . . . . Parts Recycled . | . . . . Recycled Matter . | . . . . Retrieved Matter . | . . . . Retrieved Components . | . . . . Parts Scanalyzed . | . . . . Part Schematics Acquired . | . . . . Parts Damaged . | . . . . Bothacking | -11 -10 -9 -9 ------------ Run | Yrd Mat Mat Sto Used RIF Installer . | . . . . Robots Hacked . | . . . . Non-combat . | . . . . Combat . | . . . . Robot Hacks Applied . | . . . . Relay Couplers Released . | . . . . Fabnet Peak Effective % . | . . . . Robots Rewired . | . . . . Allies Hacked . | . . . . Hacks Repelled . | . . . . Allies | -11 -10 -9 -9 -------- Run | Yrd Mat Mat Sto Total Allies . | . . . . Largest Group . | . . . . Highest-Rated Group . | . . . . Highest-Rated Ally . | . . . . Total Orders . | . . . . Ally Attacks . | . . . . Total Damage . | . . . . Kills . | . . . . Allies Corrupted . | . . . . Allies Melted . | . . . . Intel | -11 -10 -9 -9 ------- Run | Yrd Mat Mat Sto Active Infowar (turns) 359 | . . 285 74 Structural 349 | . . 275 74 ECM 10 | . . 10 . Robot Analysis Total 1 | . 1 . . Derelict Logs Recovered . | . . . . Drone Launches . | . . . . Drone Recoveries . | . . . . Exploration | -11 -10 -9 -9 ------------- Run | Yrd Mat Mat Sto Turns Passed 1265 | 48 330 586 301 Spaces Moved 770 | 33 277 229 231 Core 18 | 18 . . . Treads . | . . . . Legs 42 | 15 27 . . Wheels . | . . . . Hover 378 | . 250 128 . Flight 332 | . . 101 231 Fastest Speed 31 | 50 56 31 31 Average Speed 80 | 100 88 119 31 Slowest Speed 280 | 200 180 280 31 Overloaded Moves . | . . . . Propulsion Burnouts . | . . . . Robots Hopped . | . . . . Potential Cave-ins . | . . . . Cave-ins Triggered . | . . . . Exploration Rate (%) 27 | 3 38 19 49 Regions Visited 3 Branch Regions 1 Pre-discovered Areas . | . . . . Known Exits Taken . | . . . . Unknown Exits Taken 3 | 1 1 1 . Scrap Searched . | . . . . Spaces Dug . | . . . . Terrain Destroyed . | . . . . Melee . | . . . . Projectile . | . . . . AOE . | . . . . Terrain Rammed . | . . . . Walls Destroyed . | . . . . Machines Disabled . | . . . . Actions | -11 -10 -9 -9 --------- Run | Yrd Mat Mat Sto Total 1222 | 48 334 476 364 Wait 244 | . 26 170 48 Move 767 | 32 276 228 231 Hop . | . . . . Pick Up 36 | 8 9 12 7 Fast Attach 6 | 1 . 5 . Attach 10 | 5 1 1 3 Detach 1 | . . 1 . Swap 17 | . 3 10 4 Drop 24 | 2 3 12 7 Fire 32 | . 16 16 . Melee 85 | . . 21 64 Ram . | . . . . Kick . | . . . . Crush . | . . . . Escape Stasis . | . . . . Rewire . | . . . . Trap . | . . . . Miscellaneous . | . . . . Route ------- -11/Scrapyard -10/Materials -9/Materials -9/Storage History --------- Turn | Location | Event 10 | -11/Scrapyard | Discovered new exit (range 15) 49 | -11/Scrapyard | Entered Materials 313 | -10/Materials | Build established: Mutant 338 | -10/Materials | Discovered new exit (range 16) 379 | -10/Materials | Entered another Materials area 379 | -9/Materials | Evolved 2 slots: Propulsion x2 844 | -9/Materials | Build established: Scavenger-Mutant 921 | -9/Materials | Discovered new exit (range 15) 965 | -9/Materials | Entered Storage 1014 | -9/Storage | Core integrity fell below 50% 1089 | -9/Storage | Destroyed 8 combat bots 1255 | -9/Storage | Core integrity fell below 20% 1266 | -9/Storage | Destroyed by Y-45 Defender with Heavy Assault Rifle Last Messages --------------- 01235_ Recycling unit begins recycling process. 01235_ K-01 Serf collects debris. 01236_ G-34 Mercenary Sml. Laser severed. 01237_ R-06 Scavenger inserts Ion Engine into recycling unit. 01238_ K-01 Serf collects debris. 01240_ Flight Unit destroyed. 01240_ R-06 Scavenger inserts Lgt. Ion Engine into recycling unit. 01241_ Recycling unit begins recycling process. 01241_ K-01 Serf collects debris. 01243_ R-06 Scavenger inserts Aluminum Leg into recycling unit. 01251_ G-34 Mercenary destroyed. 01252_ K-01 Serf collects debris. 01254_ R-06 Scavenger collects Sml. Laser. 01259_ K-01 Serf collects debris. 01260_ Scythe follow-up attack on Y-45 Defender. 01262_ K-01 Serf collects debris. 01263_ Flight Unit destroyed. Map ----- +----------------------------------------------------+ | ??????????????????????????????????????????????? | | ??????????????????????????????????????????????? | | ??????????????????????????????????????????????? | | ??????????????????????????????????????????????? | | ??????????????????????????????????????????????? | | ??????????????????????????????????????????????? | | ??????????????????????????????????????????????? | | ??????????????????????????????????????????????? | | ??????????????????????????????????????????????? | | ??????????????????????????????????????????????? | | ??????????????????????????????????????????????? | | ??????????????????????????????????????????????? | | ??????????????????????????????????????????????? | | ??????????????????????????????????????????????? | | ??????????????????????????????????????????????? | | ???????????????????? ?????????????????????????? | | ???????????????????# ??#######????????????????? | | ???????????????????# ?# """ #????????????????? | | ?????????????+##???# ?# "Y" ?????????????????? | | ????????????# ??# ?# ?????????????????? | | ????????????# ### ##=== ??????????????????? | | ???????????## #=== ??????????????????? | | ??????????? #===???????????????????? | | ????????????# # ???????" ""????????? | | ????????????# ##Y##### +?????? | | ? ?????????# k @ Y #?????? | | "" ?????????# #### #?????? | | "" ?????###?# T a #??????????????????? | | "" ??#### ### =###########????????? | | "" ## #### !%u ?????? | | ###""" ##"" k ?????? | | ######""" ##"Y ##### ###???????? | | !!! #""" ##"" """"" #???????????????? | | *]*=# #### """"" #???????????????? | | !!=%%# =%+ """""Y #???????????????? | | [!%%####+###% #???????????????? | | ####+### ##* #???????????????? | | %[*%%% T #######+## ??????????? | | ######## # #??# # """??????????? | | ############ #??# # " ??????????? | | ???????????# !#??# # """??????????? | | ???????????# =#??#""" # ""??????????? | | ???????????# *=#??#""" # " ??????????? | | ???????????# =[%#??#""" # ""??????????? | | ??????????###+#######=#??# # ??????????? | | ??????????# ####+###### ### ??????????? | | ??????????# " # *= #??###?#####??????????? | | ??????????#[[ T #""" #?????????????????????? | | ??????????#[[ " #""" #?????????????????????? | | ??????????#[[ #""" #?????????????????????? | +----------------------------------------------------+ Best States ------------- Heat Dissipation 28 Energy Generation 14 Energy Capacity 280 Matter Stores 300 Matter Capacity 300 Sight Range 16 Terrain Scan Density 10 ECM Strength 1 Evasion (%) 63 Offensive Hacking 10 Item Schematics ----------------- Med. Armor Plating | -9/Storage | Hacked Robot Schematics ------------------ None Fabricated ------------ Nothing Repaired ---------- Nothing Alien Tech Used ----------------- None Achievements -------------- Loot Pinata Challenges ------------ None Game ------ Seed MetaLauncherSpiker Manual? 0 Play Time 00:28:40 Cumulative 11.6 hours Start 2025.10.03 @ 21:57:03 End 2025.10.03 @ 22:32:48 Sessions 1 Manual Loads 0 Difficulty Rogue Special Mode None Game No. 10 Rogue 10 Adventurer 0 Explorer 0 Win Type - Total 0 Types 0/0/0/0/0/0/0/0/0/0 Lore% 5 Gallery% 13 Achievement% 15 Wizard Run 0 Options --------- Layout 1 ASCII 0 Keyboard 0 Movement Mouse Keybinds 0 Fullscreen 1 Font 32/SmallcapsGlow Map View 50x35 Zoom Use 0% Tactical HUD 1 Map Filters NONE Filters NONE Steam 1 RUN: 5ae717d4-3832-4f82-bccf-c073d1a1878c